[Event "Late-Titled-Tuesday-Blitz-September-12-2023"]
[Site "Chess.com"]
[Date "2023.09.12"]
[Round "3"]
[White "bipe137"]
[Black "Mikhail_Golubev"]
[Result "0-1"]
[WhiteElo "2428"]
[BlackElo "2601"]
[TimeControl "180+1"]
[EndTime "14:27:10 PDT"]
[Termination "Mikhail_Golubev won by resignation"]

1. d4 Nf6 2. c4 g6 3. Nc3 Bg7 4. e4 d6 5. Nf3 O-O 6. Be2 e5 7. O-O Nc6 8. d5 Ne7 9. Ne1 Ne8 10. f4 exf4 11. Bxf4 f5 12. Bg5 Nf6 13. Nd3 fxe4 14. Bxf6 Bxf6 15. Nxe4 Bd4+ 16. Kh1 Nf5 17. Qe1 Qe7 18. Bf3 Bd7 19. Qb4 Nh4 20. Rae1 Nxf3 21. Rxf3 Rxf3 22. gxf3 b6 23. Qd2 Qh4 24. Nf4 Be5 25.
Nd3 Re8 26. Nxe5 Rxe5 27. Rg1 Bf5 28. Ng3 Qxc4 29. Nh5 Kf7 30. Qg5 Qxd5 31. Qf6+ Ke8 32. Qh8+ Ke7 33. Qxh7+ Kd8 34. Qh8+ Re8 35. Qf6+ Kc8 36.
Nf4 Qxf3+ 37. Ng2 Be4 38. Qg5 Bc6 39. h4 Re2 40. Kh2 Rxg2+ 41. Rxg2 Qxg2+ 42. Qxg2 Bxg2 43.
Kxg2 Kd7 44. Kg3 Ke6 45. Kg4 Kf6 46. Kf4 d5 47. b4 c5 48. b5 c4 49. a4 c3 50. Ke3 d4+ 51. Kd3 g5 52. a5 gxh4 53. axb6 axb6 0-1

[Event "Late-Titled-Tuesday-Blitz-September-12-2023"]
[Site "Chess.com"]
[Date "2023.09.12"]
[Round "3"]
[White "ozates"]
[Black "micke12a"]
[Result "0-1"]
[WhiteElo "2550"]
[BlackElo "2389"]
[TimeControl "180+1"]
[EndTime "14:27:12 PDT"]
[Termination "micke12a won on time"]

1. e4 c5 2. Nf3 d6 3. d4 cxd4 4. Nxd4 Nf6 5. Nc3 g6 6. Be3 Bg7 7.
f3 O-O 8. Bc4 Nc6 9. Qd2 Nxd4 10. Bxd4 Be6 11. Bxe6 fxe6 12. g4 Qa5 13. h4 Nd7 14.
Bxg7 Kxg7 15. h5 g5 16. h6+ Kg6 17. O-O-O Ne5 18. Rh5 Nxf3 19. Qd3 Qe5 20. Kb1 Rf4 21.
Rh3 Raf8 22. Qc4 Nh4 23. Qc7 R8f7 24. Qxb7 Rf1 25. Rh1 Rxh1 26. Rxh1 a5 27. Qc8 Kxh6 28. a4 Kg7 29. Qb7 Nf3 30. Qb5 Qf4 31. Qxa5 Qxg4 32. Qb6 Nd2+ 33. Ka1 Nxe4 34. Rg1 Nxc3 35. bxc3 Qxa4+ 36. Kb1 Qf4 37. Qb8 Qe5 38. Qb4 h6 39. c4 Qc5 40.
Qc3+ e5 41. Re1 Rf4 42. Qd3 Qxc4 0-1

[Event "Late-Titled-Tuesday-Blitz-September-12-2023"]
[Site "Chess.com"]
[Date "2023.09.12"]
[Round "3"]
[White "petr577"]
[Black "reevecanada"]
[Result "1-0"]
[WhiteElo "2339"]
[BlackElo "2522"]
[TimeControl "180+1"]
[EndTime "14:27:13 PDT"]
[Termination "petr577 won by resignation"]

1. e4 c5 2. Nf3 d6 3. d4 cxd4 4.
Qxd4 Nc6 5. Bb5 Bd7 6. Bxc6 Bxc6 7. Nc3 Nf6 8. Bg5 e6 9. O-O-O Be7 10. Qd3 Qc7 11.
Nd4 a6 12. f4 b5 13. Nxc6 Qxc6 14. Bxf6 gxf6 15. f5 b4 16. Ne2 e5 17. Kb1 a5 18.
Ng3 h5 19. Nf1 a4 20. Ne3 a3 21. Qd5 Qa6 22. b3 Rc8 23. Nc4 Rc6 24. Rd3 h4 25. Rhd1 Kf8 26. Rh3 Rg8 27. g3 Kg7 28. Rxh4 Rgc8 29.
Rg4+ Kf8 30. h4 Rxc4 31. bxc4 Rxc4 32. h5 Rc3 33. h6 b3 34. cxb3 Ke8 35. h7 Bf8 36. h8=Q Qe2 37. Qd2 Qf3 38. Qh5 Be7 39. Rg8+ Kd7 40. Qxf3 Rxf3 41. Rg7 Ke8 42. Rg8+ Kd7 43.
Ra8 Kc6 44. Ra7 Kb6 45. Rxe7 1-0

[Event "Late-Titled-Tuesday-Blitz-September-12-2023"]
[Site "Chess.com"]
[Date "2023.09.12"]
[Round "3"]
[White "KorolDimitriy75"]
[Black "lilylg"]
[Result "1-0"]
[WhiteElo "2382"]
[BlackElo "2192"]
[TimeControl "180+1"]
[EndTime "14:27:14 PDT"]
[Termination "KorolDimitriy75 won on time"]

1. d4 d5 2. c4 e6 3. Nc3 c6 4. e3 f5 5. Nf3 Nf6 6. Ne5 Bd6 7. f4 O-O 8. Be2 b6 9. O-O Bb7 10. Bd2 c5 11. Qb3 cxd4 12. exd4 Nc6 13. Be3 Rc8 14. c5 bxc5 15. Qxb7 Nxd4 16. Bxd4 cxd4 17. Nb5 Bc5 18. Bd3 Ne4 19. Rac1 Rb8 20. Qa6 Rb6 21. Qa4 Bd6 22. Nxd6 Rxd6 23. Qxd4 Qb6 24.
Qxb6 axb6 25. Bxe4 fxe4 26. g3 d4 27. Rfe1 e3 28. Rcd1 Rfd8 29. Rd3 Kf8 30. Red1 Ke7 31. Nf3 e2 32. Re1 Rc8 33. Rxe2 Rc1+ 34. Kf2 Rh1 35. Kg2 Rb1 36. Red2 Rc6 37. Rxd4 Rcc1 38. Ne5 Rg1+ 39. Kh3 h5 40. Rd7+ Ke8 41. Rxg7 1-0

[Event "Late-Titled-Tuesday-Blitz-September-12-2023"]
[Site "Chess.com"]
[Date "2023.09.12"]
[Round "3"]
[White "kaponerde"]
[Black "Triumphmate"]
[Result "1-0"]
[WhiteElo "2277"]
[BlackElo "2500"]
[TimeControl "180+1"]
[EndTime "14:27:17 PDT"]
[Termination "kaponerde won by checkmate"]

1. d4 d5 2. Nf3 e6 3. e3 f5 4. b3 Nf6 5. Bb2 Bd6 6. Bd3 O-O 7. Nbd2 c5 8. O-O Nc6 9. Ne5 Ne4 10. f3 Nxd2 11.
Qxd2 Nxe5 12. dxe5 Bc7 13. Rfd1 b6 14. c4 Bb7 15. cxd5 exd5 16. Qc2 Qg5 17. f4 Qg6 18. Rd2 Rad8 19. Rad1 h6 20. Rf2 Qc6 21. Bxf5 b5 22.
Bh3 a5 23. e6 Rde8 24. Qg6 Re7 25. Bf5 Rxf5 26. Qxf5 Rxe6 27. Rf3 Rg6 28. Be5 d4 29. e4 Qxe4 30. Qxe4 Bxe4 31. Rg3 Rxg3 32. hxg3 Bxe5 33. fxe5 d3 34. Kf2 c4 35. bxc4 bxc4 36. Ke3 c3 37.
Rxd3 c2 38. Rc3 Bf5 39. Kf4 Bg6 40. e6 Kf8 41. Ke5 Ke7 42. Rc7+ Ke8 43. Kd6 Kd8 44. e7+ Ke8 45. Rc8+ Kf7 46. e8=Q+ Kf6 47. Qe5+ Kf7 48. Rc7+ Kg8 49. Qxg7# 1-0

[Event "Late-Titled-Tuesday-Blitz-September-12-2023"]
[Site "Chess.com"]
[Date "2023.09.12"]
[Round "3"]
[White "PNEPaul"]
[Black "jup1978"]
[Result "1/2-1/2"]
[WhiteElo "1910"]
[BlackElo "2494"]
[TimeControl "180+1"]
[EndTime "14:27:18 PDT"]
[Termination "Game drawn by stalemate"]

1. e4 e5 2. Nf3 Nf6 3. d3 Nc6 4. Be2 Bc5 5. O-O d6 6. Nc3 h6 7. Be3 Bb6 8. Bxb6 axb6 9. Nd5 Nxd5 10.
exd5 Ne7 11. c4 O-O 12. d4 e4 13. Nd2 Bf5 14. Bg4 Qd7 15. Bxf5 Qxf5 16. Qc2 Rfe8 17. Qxe4 Qxe4 18. Nxe4 Nf5 19. Nc3 Nxd4 20. Rfe1 Kf8 21. Rxe8+ Rxe8 22. Re1 Ra8 23. Rd1 Nf5 24. Kf1 Ke8 25.
a3 Kd7 26. Ne2 Ra4 27. Nd4 Nxd4 28. Rxd4 b5 29. Ke2 bxc4 30. Kd2 Ra5 31. Kc3 Rc5 32.
Rg4 g6 33. Rh4 h5 34. Rf4 f5 35. Rd4 Ke7 36. Rxc4 b6 37. Rxc5 dxc5 38. Kc4 g5 39. b4 cxb4 40. axb4 Kd6 41. Kd4 h4 42. f3 g4 43. fxg4 fxg4 44. g3 h3 45. Ke4 c5 46.
dxc6 Kxc6 47. Kf4 Kb5 48. Kxg4 Kxb4 49. Kxh3 Kc3 50. g4 b5 51. g5 b4 52. g6 b3 53. g7 b2 54. g8=Q b1=Q 55. Qc8+ Kd4 56. Qd7+ Ke5 57. Qe7+ Kf4 58. Qf6+ Qf5+ 59. Qxf5+ Kxf5 60. Kh4 Kg6 61. h3 Kh7 62. Kg5 Kh8 63. h4 Kg8 64. h5 Kh8 65. h6 Kg8 66. Kg6 Kh8 67.
h7 1/2-1/2

[Event "Late-Titled-Tuesday-Blitz-September-12-2023"]
[Site "Chess.com"]
[Date "2023.09.12"]
[Round "3"]
[White "arminmusovic"]
[Black "AsaHoffmann"]
[Result "0-1"]
[WhiteElo "2526"]
[BlackElo "2345"]
[TimeControl "180+1"]
[EndTime "14:27:19 PDT"]
[Termination "AsaHoffmann won by resignation"]

1. a3 e5 2. d4 exd4 3. Qxd4 Nc6 4.
Qa4 Nf6 5. Nc3 Be7 6. Bg5 O-O 7.
O-O-O d6 8. e3 Bd7 9. Nf3 Ne5 10. Qf4 Ng6 11. Qd4 c5 12. Qd2 a6 13. Bxf6 Bxf6 14.
Qxd6 Bc6 15. Qxd8 Rfxd8 16. Rxd8+ Rxd8 17. Be2 b5 18. Rd1 Rxd1+ 19. Nxd1 Ne7 20. c4 b4 21. Ne1 a5 22. Bf3 Ba4 23. Nd3 Bb3 24. Nxc5 Bxc4 25. axb4 axb4 26. b3 Bb5 27. Nb2 Ng6 28. Bd5 Ne5 29. h3 Kf8 30. f4 Ng6 31. Nbd3 Be7 32.
Kc2 Bd6 33. Bc4 Bc6 34. g3 Ne7 35. e4 h5 36. e5 Bc7 37. Nxb4 Bg2 38. h4 Nf5 39.
Nd5 Bd8 40. Kd3 Nxg3 41. b4 Nf5 42. Nb7 Bxh4 43. b5 Bf1+ 44. Kc3 Be1+ 45. Kb3 Nd4+ 46.
Ka4 Bxc4 47. b6 Bxd5 48. Nd6 Nc6 49. Kb5 Bf2 50. b7 h4 51. Nf5 h3 52. e6 fxe6 53. Nd4 Bxd4 54. f5 exf5 55. b8=Q+ 0-1

[Event "Late-Titled-Tuesday-Blitz-September-12-2023"]
[Site "Chess.com"]
[Date "2023.09.12"]
[Round "3"]
[White "Zhigalko_Sergei"]
[Black "adiosabu"]
[Result "1/2-1/2"]
[WhiteElo "2874"]
[BlackElo "2595"]
[TimeControl "180+1"]
[EndTime "14:27:20 PDT"]
[Termination "Game drawn - insufficient material"]

1. e4 c5 2. c3 d5 3. exd5 Qxd5 4. d4 e6 5. Nf3 Nf6 6. Na3 Qd8 7. Nc4 Nc6 8. Be3 cxd4 9. Nxd4 Nxd4 10. Bxd4 Be7 11. Bd3 O-O 12. O-O b6 13. Qf3 Qd5 14. Qg3 Bb7 15.
Rfe1 Nh5 16. Qh3 Qxg2+ 17. Qxg2 Bxg2 18. Bxh7+ Kxh7 19. Kxg2 Rad8 20. Rad1 Rd5 21. Be3 Rfd8 22. Rxd5 Rxd5 23. a4 g5 24. Re2 Bc5 25. Rd2 Bxe3 26. fxe3 Kg6 27. Rxd5 exd5 28. Ne5+ Kf6 29. Nc6 a5 30. b4 axb4 31. cxb4 Ke6 32. a5 bxa5 33.
bxa5 Kd6 34. Nd8 Kc5 35. Nxf7 g4 36. Ne5 Kb5 37. Nxg4 Kxa5 38. Kf3 Kb5 39. Ne5 Kc5 40. h4 Kd6 41. Nd3 Nf6 42. Kf4 Ke6 43. Nc5+ Kf7 44.
Kf5 Ne8 45. Nb7 Kg7 46. Ke5 Nf6 47. Nd6 Ng4+ 48. Kd4 Kh6 49. Nf5+ Kg6 50. Kxd5 Kxf5 51. e4+ Kf4 52. h5 Nf6+ 53. Kd6 Nxe4+ 54. Kd7 Kg5 55. h6 Nf6+ 56. Ke6 Nh7 57. Kf7 Kxh6 1/2-1/2

[Event "Late-Titled-Tuesday-Blitz-September-12-2023"]
[Site "Chess.com"]
[Date "2023.09.12"]
[Round "3"]
[White "hellokostya"]
[Black "imdarealist"]
[Result "1-0"]
[WhiteElo "2594"]
[BlackElo "2298"]
[TimeControl "180+1"]
[EndTime "14:27:20 PDT"]
[Termination "hellokostya won by resignation"]

1. Nf3 d5 2. e3 Nf6 3. c4 c6 4. Nc3 Bg4 5. h3 Bh5 6. d4 e6 7. g4 Bg6 8. Ne5 Nbd7 9. Nxg6 hxg6 10. Bg2 Bd6 11. Qe2 Qa5 12. Bd2 Qa6 13. c5 Qxe2+ 14. Kxe2 Bc7 15. f4 Ke7 16. b4 b5 17. a4 a6 18. Ra3 Rab8 19. axb5 axb5 20. Ra7 Rhc8 21. g5 Nh5 22. Rha1 Ng3+ 23. Kf3 Nf5 24. Bf1 f6 25. gxf6+ gxf6 26. R1a6 Bd8 27. Nxb5 cxb5 28. c6 Rc7 29. cxd7 Rxd7 30. Ra8 Rxa8 31. Rxa8 Nd6 32. Be1 Rb7 33. Bh4 Nf5 34. Bf2 Nd6 35. Bh4 Nf5 36.
Bxf6+ Kxf6 37. Rxd8 Rc7 38. Bd3 Rc3 39. Bxf5 gxf5 40.
Rb8 Rb3 41. Rxb5 Rb2 42. Rb8 Rh2 43. b5 Rb2 44. b6 Rh2 45. b7 Rxh3+ 46. Kg2 Rxe3 47.
Rf8+ Kg7 48. b8=Q Re2+ 49. Kf3 Rg2 50. Kxg2 1-0

[Event "Late-Titled-Tuesday-Blitz-September-12-2023"]
[Site "Chess.com"]
[Date "2023.09.12"]
[Round "3"]
[White "Cambek64"]
[Black "Nor1lsk"]
[Result "1-0"]
[WhiteElo "2488"]
[BlackElo "2741"]
[TimeControl "180+1"]
[EndTime "14:27:22 PDT"]
[Termination "Cambek64 won on time"]

1. e4 c5 2. Nf3 e6 3. d3 Nc6 4. Nbd2 g6 5. g3 Bg7 6. Bg2 Nge7 7. O-O O-O 8. Re1 d6 9. h4 h6 10. h5 g5 11. c3 e5 12. Nc4 Bg4 13. Ne3 Bxh5 14. g4 Bg6 15. Nf5 f6 16. Qb3+ Bf7 17.
Qxb7 Nxf5 18. exf5 Qb6 19. Qxb6 axb6 20. Nd2 d5 21. a3 Rfd8 22. Nf1 Na5 23. Bd2 Nb3 24. Rad1 Ra4 25. f3 Nxd2 26. Nxd2 b5 27. Kf2 Bf8 28. Ke2 b4 29. axb4 cxb4 30. Ra1 Rda8 31. Rxa4 Rxa4 32.
c4 dxc4 33. Nxc4 Bc5 34. Rb1 Bd4 35. Kd2 b3 36. Bf1 Ra2 37. Kc1 Bd5 38. Be2 Kg7 39. Kd2 h5 40. gxh5 Kh6 41. Bd1 Ra8 42. Ne3 Bxe3+ 43.
Kxe3 Ra4 44. Rc1 Ra2 45. Rc5 Bf7 46. Rc6 Rxb2 47. Rxf6+ Kg7 48. Rb6 Bxh5 49. f6+ Kg6 50.
Bxb3 Rh2 51. f7+ Kg7 52. Rb8 Bxf7 53. Rb7 1-0

[Event "Late-Titled-Tuesday-Blitz-September-12-2023"]
[Site "Chess.com"]
[Date "2023.09.12"]
[Round "3"]
[White "aa175"]
[Black "ckgchess"]
[Result "0-1"]
[WhiteElo "2606"]
[BlackElo "2884"]
[TimeControl "180+1"]
[EndTime "14:27:23 PDT"]
[Termination "ckgchess won by checkmate"]

1. d4 Nf6 2. Nf3 e6 3. Bf4 d5 4.
e3 Bd6 5. Nbd2 O-O 6. Bd3 c5 7. c3 Bxf4 8. exf4 cxd4 9. Nxd4 Qc7 10. g3 e5 11. fxe5 Qxe5+ 12. Qe2 Qc7 13. O-O Re8 14. Qf3 Bg4 15. Qg2 Nc6 16. N2b3 a6 17. f3 Bd7 18.
Rfe1 Ne5 19. Bf1 Nc4 20. Qf2 b5 21. Bd3 a5 22. Rxe8+ Rxe8 23. Re1 Rxe1+ 24. Qxe1 Nxb2 25. Bxb5 Bxb5 26. Nxb5 Qb6+ 27. N3d4 h6 28. Qe7 Nc4 29. Kg2 a4 30. g4 Qb8 31. h4 Qf4 32. Nf5 h5 33.
Qc7 Ne5 34. Qc8+ Kh7 35. g5 Qxf3+ 36. Kg1 Qd1+ 37. Kg2 Qg4+ 38. Kf1 Ne4 39. Nbd4 Qd1+ 40. Kg2 Qd2+ 41. Kg1 Qf2+ 42. Kh1 Ng4 43. g6+ fxg6 44. Qc7 Qf1# 0-1

[Event "Late-Titled-Tuesday-Blitz-September-12-2023"]
[Site "Chess.com"]
[Date "2023.09.12"]
[Round "3"]
[White "IMRosen"]
[Black "ljuks68"]
[Result "1-0"]
[WhiteElo "2620"]
[BlackElo "2442"]
[TimeControl "180+1"]
[EndTime "14:27:23 PDT"]
[Termination "IMRosen won on time"]

1. Nf3 d5 2. e3 Nf6 3. c4 c6 4.
Nc3 e6 5. b3 Nbd7 6. Bb2 Bd6 7.
Qc2 a6 8. d4 b5 9. Bd3 O-O 10.
O-O Re8 11. Rfd1 Bb7 12. Rac1 Rc8 13. Qb1 Ba8 14. Ne2 Qe7 15. c5 Bc7 16. Ne5 Nxe5 17. dxe5 Nd7 18. Bxh7+ Kh8 19. Bc2 Bxe5 20. b4 a5 21. a3 Bb7 22. Ng3 Ra8 23. e4 Qf6 24.
Bxe5 Nxe5 25. Qb3 axb4 26. axb4 Nc4 27. Nh5 Qh6 28. Qf3 Ne5 29. Qe2 d4 30. f4 Nc4 31.
Rxd4 Ra2 32. Qf3 e5 33. Rd7 Bc8 34. Rxf7 exf4 35. Rxg7 Ne5 36. Qd1 Bg4 37. Qd6 Qxd6 38. cxd6 Bxh5 39. Bb3 Kxg7 40. Bxa2 f3 41. gxf3 Bxf3 42.
Re1 Kf6 43. Kf2 Rf8 44. Ke3 1-0

[Event "Late-Titled-Tuesday-Blitz-September-12-2023"]
[Site "Chess.com"]
[Date "2023.09.12"]
[Round "3"]
[White "Atanejhad"]
[Black "Maksimus1998"]
[Result "1-0"]
[WhiteElo "2447"]
[BlackElo "2553"]
[TimeControl "180+1"]
[EndTime "14:27:23 PDT"]
[Termination "Atanejhad won by resignation"]

1. d4 Nf6 2. c4 b6 3. Nc3 Bb7 4. e3 g6 5. Nf3 Bg7 6. Bd3 O-O 7. O-O d5 8. cxd5 Nxd5 9. e4 Nxc3 10. bxc3 c5 11. Be3 Nc6 12. d5 Ne5 13. Nxe5 Bxe5 14. Rc1 e6 15. c4 exd5 16. cxd5 Qf6 17. Bc4 Bb2 18. Rc2 Rfe8 19. f3 Rad8 20. Qd2 Be5 21. f4 Bd4 22. Bxd4 Qxd4+ 23. Qxd4 cxd4 24. Re2 Rc8 25. Bb5 Red8 26. Rd1 Rc5 27. Ba4 Ba6 28.
Ree1 d3 29. Bb3 Kg7 30. Kf2 f6 31. Ke3 Re8 32. Rxd3 Bxd3 33. Kxd3 Rec8 34. e5 fxe5 35. fxe5 Rc1 36. Re2 Kf8 37. d6 R1c6 38. Kd4 b5 39. Rf2+ Kg7 40. Rf7+ Kh6 41. Rxa7 Rd8 42. Kd5 Rc1 43.
d7 Re1 44. e6 Kg7 45. Kd6 Kf6 46.
Rc7 Re3 47. Rc8 Rd3+ 48. Bd5 1-0

[Event "Late-Titled-Tuesday-Blitz-September-12-2023"]
[Site "Chess.com"]
[Date "2023.09.12"]
[Round "3"]
[White "gunslinger222"]
[Black "ahkashefi2800"]
[Result "0-1"]
[WhiteElo "2433"]
[BlackElo "2608"]
[TimeControl "180+1"]
[EndTime "14:27:24 PDT"]
[Termination "ahkashefi2800 won by resignation"]

1. d4 d5 2. c4 c6 3. Nc3 Nf6 4.
Nf3 Bg4 5. cxd5 Bxf3 6. gxf3 cxd5 7. Qb3 Qd7 8. h4 Nc6 9. e3 e6 10. Bd2 h5 11. Rg1 g6 12. O-O-O Be7 13. Kb1 O-O-O 14. Bb5 Kb8 15. e4 Rc8 16. Bf4+ Ka8 17. Na4 Rhd8 18.
Nb6+ axb6 19. Qa4+ Na7 20. Bxd7 Nxd7 21. exd5 exd5 22. Rc1 b5 23. Qb3 Nb6 24. Bc7 Nc4 25.
Rxc4 dxc4 26. Bxd8 cxb3 27. Bxe7 Nc6 28. Bc5 bxa2+ 29.
Kxa2 Rd8 30. Kb3 Nxd4+ 31. Kb4 Nxf3 32. Ra1+ Kb8 33. Kxb5 Rd2 34. b4 Nxh4 35. Re1 Nf3 36. Re3 Nd4+ 37. Kb6 Ne6 38. Rf3 Rd7 39. Rf6 Nxc5 40.
bxc5 Rc7 41. Kb5 Kc8 42. f4 Kd8 43. f5 Ke7 44. Rb6 gxf5 45. Rd6 Rc8 46. Rd5 Ke6 47.
Rd6+ Ke7 48. Rd5 Kf6 49. Rd6+ Kg5 50. Rd7 Rb8 51. Rxf7 h4 52. Kb6 h3 53. Rg7+ Kf4 54.
Rh7 Kg3 55. Kc7 Rf8 56. Kxb7 f4 57. c6 f3 58. c7 f2 59. Rg7+ Kh2 60. c8=Q Rxc8 61.
Kxc8 f1=Q 62. Kd8 Qf8+ 0-1

[Event "Late-Titled-Tuesday-Blitz-September-12-2023"]
[Site "Chess.com"]
[Date "2023.09.12"]
[Round "3"]
[White "pokochajszachy"]
[Black "YEIKO2017"]
[Result "0-1"]
[WhiteElo "2362"]
[BlackElo "2549"]
[TimeControl "180+1"]
[EndTime "14:27:24 PDT"]
[Termination "YEIKO2017 won by checkmate"]

1. Nf3 c5 2. c4 g6 3. g3 Bg7 4.
Bg2 Nf6 5. Nc3 O-O 6. O-O Nc6 7. d4 cxd4 8. Nxd4 Qa5 9. Nb3 Qh5 10. e4 Qxd1 11. Rxd1 d6 12. h3 Nd7 13. Nd5 a5 14.
Rb1 a4 15. Nd2 Nc5 16. Nf1 f5 17. Nb6 Ra6 18. Nxc8 Rxc8 19. exf5 gxf5 20. Ne3 Nd4 21. Nd5 Kf7 22. Be3 Nc6 23. Bf3 Ne5 24. Bh5+ Kf8 25. b3 axb3 26. axb3 Ne4 27. Bd4 e6 28. Nf4 Ke7 29. Kg2 Ra2 30. Rb2 Rca8 31. Rdb1 Bh6 32. Rxa2 Rxa2 33. Rb2 Rxb2 34. Bxb2 Bxf4 35. gxf4 Nd3 36. Bd4 Nxf4+ 37. Kf3 Nxh5 38. b4 Nhf6 39. c5 e5 40. cxd6+ Kxd6 41. Be3 Kd5 42. Ba7 f4 43. Bb8 Ng5+ 44. Kg2 Ke4 45. h4 Ne6 46. Bd6 Kf5 47. Kf3 e4+ 48. Ke2 Nd4+ 49. Kd2 Nd5 50. h5 e3+ 51. fxe3 fxe3+ 52. Kd3 e2 53. Kd2 Nc3 54.
Bg3 Ne4+ 55. Ke1 Nxg3 56. h6 Ke4 57. b5 Ke3 58. b6 Nf3# 0-1

[Event "Late-Titled-Tuesday-Blitz-September-12-2023"]
[Site "Chess.com"]
[Date "2023.09.12"]
[Round "3"]
[White "HansOnTwitch"]
[Black "econpower"]
[Result "1-0"]
[WhiteElo "3085"]
[BlackElo "2760"]
[TimeControl "180+1"]
[EndTime "14:27:25 PDT"]
[Termination "HansOnTwitch won by resignation"]

1. e4 c5 2. Nf3 Nc6 3. Bb5 d6 4. O-O Bd7 5. c3 Nf6 6. Re1 Ne5 7. Nxe5 dxe5 8. a4 e6 9. Na3 Be7 10. Nc4 Qc7 11. d3 O-O 12. Bxd7 Nxd7 13. Be3 Rfd8 14. Qe2 b6 15. Rf1 Bd6 16. g3 a6 17. f4 b5 18. Nd2 Nb6 19. a5 Na4 20.
fxe5 Bxe5 21. Nf3 Bd6 22. Rfc1 c4 23. dxc4 Bc5 24. Nd4 e5 25. cxb5 axb5 26. Nxb5 Bxe3+ 27. Qxe3 Qxa5 28. c4 Qb4 29. Nc7 Ra5 30. Nd5 Nxb2 31.
Rxa5 Qxa5 32. Ne7+ Kh8 33. Nc6 Qd2 34. Qxd2 Rxd2 35.
c5 Nd3 36. Rc3 f5 37. exf5 e4 38. Nd4 Rd1+ 39. Kg2 Ne1+ 40. Kf2 Rxd4 41. Kxe1 Rd7 42. c6 Rc7 43. Ke2 Kg8 44. Ke3 Kf7 45. Kxe4 Ke7 46.
Kd5 Kd8 47. Kd6 Rf7 48. g4 h5 49. h3 hxg4 50. hxg4 g6 51. c7+ Kc8 52. Ke6 Rg7 53. f6 Rd7 54. f7 1-0

[Event "Late-Titled-Tuesday-Blitz-September-12-2023"]
[Site "Chess.com"]
[Date "2023.09.12"]
[Round "3"]
[White "WPWPWP-2015"]
[Black "egnfanclub"]
[Result "1-0"]
[WhiteElo "2537"]
[BlackElo "2313"]
[TimeControl "180+1"]
[EndTime "14:27:27 PDT"]
[Termination "WPWPWP-2015 won by resignation"]

1. e4 e5 2. Nf3 Nc6 3. Bb5 a6 4.
Ba4 d6 5. h3 f5 6. d3 Be7 7.
Nc3 Nf6 8. O-O O-O 9. Bb3+ Kh8 10. Ng5 Qe8 11. f4 Nd4 12. fxe5 dxe5 13. exf5 Bxf5 14.
Be3 Nxb3 15. axb3 Qd7 16. Nge4 Nd5 17. Nxd5 Qxd5 18. Nc3 Qc6 19. Qh5 g6 20. Qe2 Bc5 21. Bxc5 Qxc5+ 22. Kh2 Rae8 23. Rae1 Kg7 24. Rf3 Bd7 25.
Re3 Rf5 26. Ne4 Qf8 27. Kg1 Bc6 28. Ng3 Rg5 29. h4 Rxg3 30. Rxg3 e4 31. Qf2 exd3 32.
Qxf8+ Rxf8 33. Rxd3 Rf7 34. Rd4 h5 35. Re2 Kh6 36.
c3 Rf5 37. b4 a5 38. bxa5 Rxa5 39. Kh2 Rf5 40. Kg3 Rb5 41. Rf4 g5 42. hxg5+ Rxg5+ 43. Kh2 Kg6 44. Rf8 Kg7 45. Rc8 Rg4 46. Rxc7+ Kg6 47.
Rc8 Kg7 48. Rd8 h4 49. Rd4 1-0

[Event "Late-Titled-Tuesday-Blitz-September-12-2023"]
[Site "Chess.com"]
[Date "2023.09.12"]
[Round "3"]
[White "S-Fazulyanov"]
[Black "AlexOstrovskiy"]
[Result "0-1"]
[WhiteElo "2454"]
[BlackElo "2660"]
[TimeControl "180+1"]
[EndTime "14:27:28 PDT"]
[Termination "AlexOstrovskiy won by resignation"]

1. e4 d5 2. exd5 Nf6 3. d4 Bg4 4. Nf3 Qxd5 5. Be2 Nc6 6. h3 Qh5 7. c4 O-O-O 8. Be3 e5 9. d5 e4 10.
Nd4 Bxe2 11. Qxe2 Bb4+ 12. Nc3 Bxc3+ 13. bxc3 Qxe2+ 14. Kxe2 Ne5 15. Nf5 Nxc4 16. Nxg7 Nxd5 17. Bd4 Nf4+ 18. Kf1 Rhg8 19. g3 Nd2+ 20. Ke1 Nf3+ 21. Kf1 Nxd4 22. gxf4 Rxg7 23. cxd4 Rxd4 24. Ke2 c5 25.
Rhg1 Rg6 26. h4 Kd7 27. h5 Rf6 28. Ke3 h6 29. Rg7 b6 30. Rag1 Ke7 31. Rh7 Ra4 32.
Rgg7 Ra3+ 33. Kxe4 Rxa2 34. Rg6 Ra4+ 35. Ke3 Raxf4 36.
Rgxh6 Rf3+ 37. Ke4 Rxf2 38. Rxf6 Kxf6 39. Rh8 Rh2 40.
Kd5 Kg7 41. Ra8 Rxh5+ 42. Kc6 Rh6+ 43. Kb5 Re6 44. Rxa7 Kg6 45. Kc4 f5 46. Kd5 Kf6 47. Rh7 Re1 48. Rh6+ Kg5 49. Rxb6 f4 50. Kxc5 f3 51.
Rb8 f2 52. Rg8+ Kh6 53. Rf8 f1=Q 0-1

[Event "Late-Titled-Tuesday-Blitz-September-12-2023"]
[Site "Chess.com"]
[Date "2023.09.12"]
[Round "3"]
[White "seramoral"]
[Black "HanSchut"]
[Result "1-0"]
[WhiteElo "2620"]
[BlackElo "2285"]
[TimeControl "180+1"]
[EndTime "14:27:29 PDT"]
[Termination "seramoral won on time"]

1. Nf3 Nf6 2. b3 g6 3. Bb2 d5 4.
e3 Bg7 5. c4 O-O 6. Nc3 c6 7.
d4 Bf5 8. Be2 Ne4 9. O-O Nxc3 10. Bxc3 Nd7 11. Qd2 Nf6 12. Bd3 Ne4 13. Qc2 Qd7 14. Bb2 Nd6 15. Bxf5 Qxf5 16. Qxf5 Nxf5 17. cxd5 cxd5 18. Rac1 Rfc8 19. h3 e6 20. Ba3 Bf8 21. Bxf8 Kxf8 22. g4 Nd6 23. Ne5 Rxc1 24. Rxc1 Rc8 25.
Rxc8+ Nxc8 26. g5 Nd6 27. Kg2 Ne4 28. h4 Nc3 29. a4 Ne4 30. Ng4 Nd2 31. b4 Ne4 32. Kf3 Nc3 33. a5 a6 34. Nf6 Na2 35.
Nd7+ Ke7 36. Nc5 Nxb4 37. Nxb7 Nc6 38. Nc5 Nxa5 39. Nxa6 Nc4 40. Kg4 Nd6 41. Nc5 Nf5 42. h5 Ng7 43. h6 Nh5 44. Nd3 f6 45. f4 Kf7 46. Ne1 Ke7 47. Nf3 Kf7 48. gxf6 Nxf6+ 49. Kh4 Ng8 50. Kg5 Nf6 51. Ne5+ Ke7 52. Nxg6+ hxg6 53. Kxg6 Ne4 54. h7 1-0

[Event "Late-Titled-Tuesday-Blitz-September-12-2023"]
[Site "Chess.com"]
[Date "2023.09.12"]
[Round "3"]
[White "biostatistician"]
[Black "FredddieCroderg"]
[Result "0-1"]
[WhiteElo "2555"]
[BlackElo "2337"]
[TimeControl "180+1"]
[EndTime "14:27:29 PDT"]
[Termination "FredddieCroderg won on time"]

1. d4 d6 2. Nf3 Bg4 3. c4 Bxf3 4.
exf3 g6 5. f4 Bg7 6. Nc3 e6 7.
Be3 c6 8. d5 exd5 9. cxd5 Ne7 10. dxc6 bxc6 11. Bd3 d5 12. Bc5 Nd7 13. Bd6 Nf6 14. Be5 O-O 15. O-O c5 16. f5 Nc6 17.
Bg3 Qb6 18. fxg6 hxg6 19. Na4 Qa5 20. b3 Rfd8 21. Rc1 c4 22. Be2 Ne4 23. Bf3 cxb3 24. axb3 Nd4 25. Bc7 Qb5 26. Bxd8 Rxd8 27. Rb1 Nxf3+ 28.
Qxf3 Nd2 29. Qe3 Nxf1 30. Rxf1 d4 31. Qe7 Qd7 32. Qxd7 Rxd7 33. Rd1 Rb7 34. Rd3 Kf8 35. Kf1 Ke7 36. Ke2 Kd6 37. Kd2 Kd5 38. Kc2 Re7 39.
Nb2 Re2+ 40. Rd2 Re1 41. Nd3 Rh1 42. h3 Rg1 43. Nf4+ Ke4 44. g3 Rf1 45. Nd3 Ra1 46. Re2+ Kd5 47. Re7 Ra2+ 48. Kb1 Rd2 0-1

[Event "Late-Titled-Tuesday-Blitz-September-12-2023"]
[Site "Chess.com"]
[Date "2023.09.12"]
[Round "3"]
[White "GianmarcoVaR"]
[Black "kaanadayhamle"]
[Result "1-0"]
[WhiteElo "2656"]
[BlackElo "2416"]
[TimeControl "180+1"]
[EndTime "14:27:30 PDT"]
[Termination "GianmarcoVaR won by resignation"]

1. e4 c6 2. d4 d5 3. exd5 cxd5 4.
Bd3 Nf6 5. c3 Nc6 6. h3 g6 7.
Nf3 Bg7 8. Nbd2 O-O 9. O-O Bf5 10. Ne5 Nxe5 11. Bxf5 gxf5 12. dxe5 Ne4 13. Nf3 e6 14.
Bf4 Qb6 15. Qe2 Rac8 16. Nd4 Kh8 17. Kh1 Qa6 18. Qd1 Qb6 19. Rb1 Qa5 20. f3 Nc5 21. b4 Qxa2 22. bxc5 Rxc5 23. Qd3 Rfc8 24. Ne2 b6 25. Ra1 Qc4 26. Qxc4 Rxc4 27. Rxa7 b5 28. Rb1 Rb8 29. Rxf7 Kg8 30. Re7 Rc6 31. Rb3 Bf8 32. Rd7 Rc4 33. Nd4 b4 34. Nxe6 Rxc3 35.
Rxc3 bxc3 36. Rxd5 c2 37. Kh2 Rb1 38. Rd8 Kf7 39.
Nxf8 c1=Q 40. Bxc1 Rxc1 41. Nxh7 Re1 42. Ng5+ Kg6 43. f4 Rf1 44. Rg8+ Kh6 45. Kg3 Re1 46.
Nf3 Re4 47. Rh8+ Kg7 48. Rh5 Kg6 49. Rg5+ Kf7 50. Rxf5+ Ke6 51. Rf6+ Ke7 52. Rh6 Re3 53. f5 Kf7 54. Rh7+ Kg8 55. Ra7 1-0